Map: Ever Dream LE

Players

Kas

  • Race: Terran Terran
  • Spawn Location: 7:00

AqueroN - Winner!

  • Race: Terran Terran
  • League: Master
  • Spawn Location: 1:00

Event: DreamHack SC2 Masters 2020 Fall

VOD

Have the link to the VOD?

Description

Time

  • Played on: Aug. 27, 2020, 1:04 p.m.
  • Length: 23:23

All games in this series

Show
View Real Time Build Order
Export as new Build Order

Kas Terran 

Build Orders: Cyclone Opening 

Get SALT Encoding   

  12  0:00  SCV  
  13  0:12  SCV  
  14  0:17  Supply Depot  
  14  0:24  SCV  
  15  0:30  Refinery  
  15  0:38  SCV  
  16  0:44  Barracks  
  16  0:50  SCV  
  17  0:57  Refinery  
  17  1:03  SCV  
  18  1:15  SCV  
  19  1:31  Orbital Command  
  19  1:33  Factory  
  19  1:36  Reaper  
  20  1:47  Supply Depot  
  20  1:57  SCV  
  21  2:09  SCV  
  21  2:11  Reaper  
  23  2:18  Hellion  
  23  2:21  SCV  
  26  2:26  Command Center  
  26  2:33  SCV  
  27  2:39  Factory Tech Lab  
  27  2:40  Supply Depot  
  27  2:43  Barracks Reactor  
  27  2:45  SCV  
  28  2:57  Cyclone  
  28  2:58  Starport  
  31  3:01  SCV  
  32  3:13  SCV  
  32  3:19  Marine  
  33  3:20  Marine  
  33  3:21  Refinery  
  33  3:25  SCV  
  36  3:36  Factory Tech Lab  
  36  3:38  SCV  
  36  3:41  Orbital Command  
  37  3:44  Marine x2  
  37  3:45  Raven  
  41  3:50  SCV  
  42  3:57  Supply Depot, Siege Tank  
  42  4:02  SCV  
  46  4:03  Marine x2  
  46  4:06  SCV  
  49  4:11  Supply Depot  
  49  4:14  SCV  
  49  4:18  SCV  
  49  4:21  Marine x2  
  51  4:26  SCV  
  51  4:27  Raven  
  51  4:31  SCV  
  55  4:37  Siege Tank  
  58  4:38  SCV  
  58  4:41  Marine  
  58  4:42  Marine  
  58  4:43  SCV  
  62  4:49  Command Center  
  62  4:50  SCV  
  63  4:56  SCV, Supply Depot  
  65  5:06  SCV  
  65  5:09  Siege Tank  
  65  5:11  SCV  
  69  5:16  Marine  
  69  5:17  Viking x2  
  69  5:20  Supply Depot  
  74  5:22  Stimpack  
  74  5:24  SCV  
  74  5:25  SCV  
  76  5:28  Supply Depot  
  76  5:35  Refinery, Marine  
  77  5:36  SCV  
  77  5:42  SCV, Siege Tank  
  82  5:43  Supply Depot  
  82  5:49  SCV  
  83  5:51  Viking  
  83  5:52  Supply Depot  
  85  5:57  Viking  
  85  5:59  SCV  
  85  6:01  Orbital Command  
  88  6:07  SCV  
  88  6:10  Engineering Bay  
  89  6:12  Engineering Bay  
  89  6:14  Siege Tank  
  89  6:16  SCV  
  93  6:23  Viking  
  93  6:24  Orbital Command  
  95  6:26  SCV  
  95  6:27  Viking  
  95  6:29  SCV  
  99  6:38  Barracks  
  99  6:40  SCV, Marine, Barracks  
  99  6:42  Terran Infantry Weapons Level 1, Terran Infantry Armor Level 1  
  99  6:43  Supply Depot  
  99  6:46  SCV, Supply Depot  
  102  6:52  SCV x2  
  104  6:59  SCV  
  103  7:06  SCV  
  104  7:10  Viking x2  
  104  7:11  Siege Tank  
  104  7:12  Marine  
  104  7:13  Barracks  
  104  7:14  SCV x2, Barracks  
  114  7:17  Refinery x2  
  114  7:20  SCV  
  115  7:24  Supply Depot  
  115  7:26  Armory, SCV  
  115  7:28  Barracks Reactor x2  
  115  7:29  Supply Depot  
  116  7:34  Combat Shield  
  107  7:47  Marine  
  98  7:53  Siege Tank  
  98  7:54  Viking  
  103  8:05  Marine  
  104  8:06  SCV  
  104  8:11  SCV x2  
  107  8:15  Marine x2  
  107  8:16  Sensor Tower  
  107  8:17  Barracks Reactor x2, Marine  
  107  8:18  Marine  
  111  8:20  SCV  
  111  8:22  Supply Depot x2, Marine  
  111  8:23  SCV  
  114  8:27  Viking x2  
  114  8:28  Siege Tank  
  114  8:30  SCV  
  114  8:32  Marine  
  114  8:33  Marine  
  124  8:35  SCV, Marine x2  
  124  8:38  Supply Depot x2  
  124  8:40  Marine  
  123  8:50  Marine x2  
  123  8:52  SCV  
  123  8:53  Marine x2, Terran Infantry Weapons Level 2  
  128  8:58  Marine  
  128  9:02  Marine x4  
  127  9:08  Marine x2  
  123  9:11  Marine x2  
  123  9:14  Viking  
  123  9:16  Marine  
  117  9:19  Marine  
  117  9:20  Marine  
  118  9:24  Marine x2  
  118  9:27  Marine x2  
  118  9:28  Medivac, Siege Tank  
  118  9:30  Terran Infantry Armor Level 2  
  125  9:36  Marine x3  
  125  9:37  Marine x2  
  130  9:42  Marine  
  130  9:43  Marine  
  130  9:45  Marine  
  133  9:50  Medivac  
  133  9:51  Marine  
  136  9:58  Medivac  
  138  10:00  Marine  
  138  10:07  Command Center  
  139  10:08  Marine x3  
  139  10:09  Marine x3  
  139  10:11  Marine x2  
  139  10:12  Siege Tank  
  150  10:16  SCV x3  
  150  10:18  Marine  
  150  10:19  Factory  
  154  10:26  Marine x5  
  154  10:27  Marine  
  160  10:29  Terran Vehicle Weapons Level 1, Marine x2  
  160  10:32  Medivac x2  
  166  10:36  SCV x2, Marine  
  166  10:37  SCV  
  170  10:44  Marine x5, Siege Tank  
  170  10:45  Marine  
  170  10:48  SCV, Marine x2  
  170  10:49  SCV  
  180  10:50  Supply Depot  
  180  10:52  Supply Depot  
  180  10:53  Marine  
  181  11:02  Marine x5  
  181  11:03  Marine  
  187  11:06  Marine x2  
  153  11:11  Marine  
  153  11:15  Medivac, Factory Tech Lab  
  153  11:17  Siege Tank  
  142  11:19  Planetary Fortress, Marine  
  142  11:20  Marine x4  
  142  11:21  Marine  
  142  11:24  Marine x2  
  150  11:29  Marine  
  151  11:33  Medivac  
  151  11:37  Marine x3  
  151  11:38  Marine x2  
  151  11:39  Marine  
  159  11:43  Marine x2, Sensor Tower  
  159  11:45  Siege Tank  
  164  11:47  Marine  
  164  11:49  Siege Tank  
  168  11:55  Marine x4  
  171  12:04  Marine x4  
  171  12:05  Marine  
  168  12:10  Barracks  
  168  12:11  Barracks  
  168  12:13  Missile Turret, Marine x4  
  168  12:14  Missile Turret  
  172  12:17  Siege Tank  
  172  12:19  Barracks  
  172  12:20  Medivac  
  172  12:21  Siege Tank  
  172  12:22  Marine x4  
  184  12:23  Marine  
  185  12:31  Marine x4  
  188  12:39  Marine  
  188  12:40  Marine x4  
  173  12:48  Viking  
  173  12:49  Marine x4  
  173  12:50  Viking  
  170  12:53  Siege Tank  
  170  12:54  Siege Tank  
  170  12:57  Marine x4  
  180  12:58  Marine  
  180  13:02  Marine  
  160  13:06  Marine x2  
  160  13:07  Marine x3  
  160  13:15  Marine x4  
  160  13:16  Marine  
  160  13:19  Marine  
  161  13:24  Marine x5  
  167  13:33  Marine x4  
  167  13:34  Marine  
  153  13:37  Marine  
  153  13:42  Marine x5  
  126  13:51  Marine x4  
  126  13:52  Marine  
  126  13:55  Marine  
  119  14:00  Marine x5  
  116  14:08  Marine, Siege Tank  
  116  14:09  Marine x4  
  122  14:13  Marine  
  124  14:17  Marine  
  124  14:18  Marine x4, Siege Tank  
  124  14:24  Sensor Tower  
  132  14:25  Medivac  
  132  14:26  Marine x3  
  132  14:27  Marine x2  
  132  14:31  Marine  
  140  14:35  Marine x2  
  140  14:36  Marine x3  
  145  14:40  Siege Tank  
  145  14:44  Marine x4  
  145  14:45  Marine  
  152  14:46  Command Center  
  152  14:49  Barracks Reactor  
  152  14:50  Viking  
  152  14:52  Siege Tank  
  158  14:53  Marine x4  
  158  14:54  Marine  
  158  14:55  Viking  
  165  15:02  Marine x4  
  165  15:03  Marine  
  170  15:11  Marine x5  
  176  15:14  SCV x3  
  176  15:15  Siege Tank  
  176  15:18  Starport  
  176  15:19  Refinery, Starport  
  176  15:20  Viking, Marine x4  
  176  15:21  Marine  
  188  15:27  Siege Tank  
  193  15:29  Marine x2  
  180  15:36  Marine x2  
  180  15:37  Marine  
  180  15:38  Marine x2  
  169  15:46  Marine  
  169  15:49  Marine  
  150  15:50  Marine  
  150  15:57  Marine x5  
  133  15:58  Siege Tank  
  133  16:00  Siege Tank  
  133  16:04  Marine  
  144  16:05  Planetary Fortress  
  144  16:07  Marine x2  
  147  16:14  Starport Tech Lab x2  
  147  16:17  Terran Infantry Weapons Level 3  
  147  16:28  Terran Infantry Armor Level 3  
  147  16:29  Marine x5  
  155  16:32  Siege Tank  
  155  16:35  Siege Tank  
  155  16:36  Marine  
  159  16:41  Raven x2  
  159  16:46  Liberator x2  
  169  16:47  Marine  
  163  17:03  Marine x7  
  163  17:04  SCV  
  163  17:05  SCV, Marine, Siege Tank  
  163  17:08  Refinery, Siege Tank  
  177  17:21  Marine x4  
  181  17:24  Viking  
  181  17:26  Refinery  
  181  17:27  SCV x2  
  185  17:37  Siege Tank  
  188  17:40  Marine, Siege Tank  
  188  17:41  Marine x7  
  199  17:44  Missile Turret  
  183  17:58  Marine x2  
  183  17:59  Marine x3  
  183  18:01  Command Center  
  188  18:14  Viking  
  152  18:38  Marine x8  
  152  18:45  Siege Tank  
  155  18:56  Marine x3  
  155  18:59  Siege Tank  
  159  19:04  Marine  
  141  19:31  Marine x8  
  117  19:49  Marine x6  
  117  19:50  SCV x3  
  117  19:51  SCV  
  127  19:54  Marine  
  128  20:00  Siege Tank  
  128  20:02  SCV  
  105  20:17  Viking  
  105  20:18  Viking x3  
  107  20:23  Marine x3  
  107  20:25  Planetary Fortress  
  107  20:32  Marine  
  108  20:42  Marine  
  108  20:43  Marine x5  
  108  20:47  Viking x2  
  108  20:48  Viking  
  108  20:49  Marine x2  
  121  20:50  SCV x3  
  121  20:53  Medivac  
  127  21:00  Marine x3  
  127  21:01  Marine x2  
  132  21:15  Siege Tank  
  132  21:16  Siege Tank  
  138  21:19  Marine x5  
  138  21:24  Marine  
  138  21:25  Marine x2  
  146  21:30  Medivac  
  138  21:50  Marine  
  118  21:56  Viking  
  118  21:57  Viking x2  
  118  22:00  Viking  
  126  22:01  Marine  
  126  22:02  Marine  
  126  22:03  Marine  
  126  22:05  Marine x2  
  126  22:06  Marine x2  
  101  22:14  Marine  
  94  22:19  Marine x2, Siege Tank  
  94  22:21  Marine  
  100  22:23  Marine  
  100  22:26  Marine x2  
  100  22:29  Siege Tank  
  103  22:43  Marine x4  
  104  22:51  Siege Tank  
  107  22:52  SCV  
  107  22:54  Marine  
  107  22:55  Marine  
  120  23:14  Sensor Tower  
Show
View Real Time Build Order
Export as new Build Order

AqueroN Terran - Winner!

Build Orders:  

Get SALT Encoding   

  12  0:00  SCV  
  13  0:12  SCV  
  14  0:17  Supply Depot  
  14  0:24  SCV  
  14  0:28  Refinery  
  15  0:38  SCV  
  16  0:44  Barracks  
  16  0:50  SCV  
  16  0:56  Refinery  
  17  1:02  SCV  
  18  1:14  SCV  
  19  1:31  Orbital Command  
  19  1:32  Reaper  
  20  1:34  Factory  
  20  1:44  Supply Depot  
  20  1:57  SCV  
  21  2:04  Reaper  
  22  2:09  SCV  
  23  2:18  Hellion  
  23  2:21  SCV  
  26  2:28  Command Center  
  26  2:33  SCV  
  26  2:36  Reaper  
  28  2:37  Supply Depot  
  28  2:40  Hellion  
  30  2:45  SCV  
  31  2:53  Starport  
  31  2:59  SCV  
  31  3:02  Factory Tech Lab  
  32  3:08  Barracks Reactor  
  32  3:11  SCV  
  32  3:12  Supply Depot  
  33  3:19  Refinery  
  33  3:21  Cyclone  
  33  3:23  SCV  
  37  3:31  Starport Tech Lab  
  37  3:35  SCV  
  37  3:41  Orbital Command  
  37  3:45  Marine  
  37  3:46  Marine  
  37  3:47  SCV  
  40  3:50  Raven  
  42  3:59  SCV  
  43  4:03  Marine x2  
  43  4:04  Siege Tank  
  43  4:07  SCV  
  49  4:11  SCV  
  49  4:13  Supply Depot  
  50  4:19  SCV  
  50  4:24  SCV  
  52  4:26  Marine x2  
  52  4:28  Supply Depot  
  54  4:31  SCV  
  54  4:34  Raven  
  54  4:36  SCV  
  58  4:43  Marine  
  58  4:44  SCV, Marine  
  58  4:45  Siege Tank  
  64  4:48  SCV  
  65  4:56  SCV, Supply Depot  
  66  5:00  SCV  
  66  5:01  Marine x2  
  69  5:09  Command Center  
  69  5:10  SCV  
  69  5:12  SCV  
  71  5:17  Siege Tank  
  71  5:19  Supply Depot  
  74  5:22  SCV  
  74  5:24  SCV  
  74  5:27  Viking  
  78  5:28  Viking  
  78  5:33  Stimpack  
  78  5:34  SCV  
  81  5:36  SCV  
  81  5:38  Refinery  
  81  5:42  Supply Depot  
  82  5:46  Engineering Bay  
  82  5:49  Engineering Bay  
  82  5:50  Marine  
  82  5:53  Siege Tank  
  86  5:57  SCV x2  
  86  6:00  Viking  
  86  6:02  Viking  
  92  6:09  SCV x2  
  94  6:15  Terran Infantry Weapons Level 1  
  94  6:19  Barracks  
  94  6:21  Barracks  
  94  6:24  Orbital Command  
  94  6:25  SCV x2  
  96  6:28  Terran Infantry Armor Level 1  
  96  6:32  Viking  
  98  6:39  Viking  
  100  6:41  SCV x2, Orbital Command  
  100  6:43  Supply Depot x2  
  102  6:53  SCV x2, Siege Tank  
  107  7:05  SCV x2, Viking  
  111  7:09  SCV, Viking  
  111  7:12  Barracks Reactor, Refinery  
  114  7:16  Barracks Reactor  
  114  7:17  SCV x2, Marine  
  118  7:27  Supply Depot  
  118  7:28  Supply Depot  
  118  7:29  SCV x2  
  120  7:31  Barracks  
  120  7:33  Barracks  
  117  7:41  Viking, SCV x2  
  116  7:48  Liberator  
  113  7:51  Orbital Command  
  113  7:53  SCV x2  
  113  7:55  Siege Tank  
  115  7:59  Marine x2  
  115  8:00  Marine x2  
  115  8:01  Marine  
  118  8:05  SCV x2  
  118  8:12  Liberator  
  116  8:17  SCV, Marine  
  116  8:18  SCV  
  116  8:19  SCV  
  120  8:21  Barracks Reactor x2  
  120  8:22  Marine x2  
  122  8:28  Armory  
  122  8:29  SCV  
  122  8:30  SCV, Marine  
  122  8:31  SCV, Marine  
  122  8:33  Combat Shield  
  127  8:38  Viking  
  129  8:42  SCV  
  129  8:43  SCV x2  
  129  8:48  Marine x3  
  135  8:56  SCV, Marine x2  
  135  8:59  Marine x3, Siege Tank  
  135  9:00  Marine  
  145  9:03  SCV x2  
  145  9:04  Medivac  
  145  9:07  Marine  
  145  9:09  Medivac  
  148  9:11  Supply Depot x2  
  148  9:12  Supply Depot  
  148  9:14  Marine x2  
  148  9:16  Supply Depot, Marine  
  141  9:18  Marine x4  
  141  9:19  Marine  
  144  9:27  Marine  
  144  9:31  Siege Tank  
  148  9:32  Marine x2  
  148  9:33  Terran Infantry Armor Level 2  
  148  9:36  Refinery x2  
  148  9:38  Command Center  
  150  9:39  Marine x5  
  155  9:47  Marine x2  
  155  9:49  Terran Infantry Weapons Level 2  
  155  9:50  Marine x2  
  159  9:58  Marine x2  
  159  9:59  Marine x3  
  161  10:02  Medivac  
  161  10:03  SCV x3  
  166  10:09  Marine x4  
  166  10:10  Medivac  
  172  10:15  Siege Tank  
  172  10:16  Marine x2  
  172  10:17  Marine x2  
  179  10:22  Supply Depot  
  179  10:23  Terran Vehicle Weapons Level 1, Supply Depot  
  178  10:29  Marine x3  
  178  10:30  Marine x2  
  178  10:35  Marine x3  
  183  10:38  Medivac  
  183  10:39  Marine  
  189  10:43  Medivac  
  189  10:47  Marine x4  
  192  10:50  Marine  
  192  10:53  Marine x3  
  192  10:56  Marine  
  197  10:59  Siege Tank  
  195  11:05  Marine x4  
  195  11:08  Medivac  
  174  11:13  Medivac, Marine x4  
  174  11:14  Marine  
  175  11:23  Marine x4  
  179  11:27  Sensor Tower  
  179  11:31  Marine x4, Siege Tank  
  179  11:32  Marine  
  187  11:38  Medivac  
  189  11:40  Marine  
  189  11:41  Marine  
  189  11:42  Marine x2  
  189  11:43  Medivac  
  195  11:48  Marine  
  195  11:49  Marine  
  195  11:53  Missile Turret x2  
  195  11:54  Missile Turret  
  194  12:03  Marine x2  
  194  12:05  Planetary Fortress  
  194  12:07  Marine x2  
  196  12:11  Siege Tank  
  196  12:12  Terran Infantry Armor Level 3  
  196  12:15  Refinery, Factory  
  199  12:16  Refinery  
  199  12:17  Marine  
  200  12:30  Barracks x2  
  200  12:32  Starport  
  200  12:43  Siege Tank  
  184  12:48  Marine x3  
  184  12:49  Marine x2  
  182  12:53  Marine x3  
  182  12:54  Marine  
  168  13:06  Marine x3  
  168  13:07  Marine x2  
  168  13:11  Marine x3, Factory Tech Lab  
  168  13:12  Medivac x2  
  179  13:15  Command Center, Siege Tank  
  179  13:19  Marine  
  175  13:24  Marine x3  
  175  13:25  Marine x2  
  174  13:29  Marine x3  
  167  13:37  Marine, Siege Tank  
  165  13:41  Marine  
  165  13:42  Medivac x2, Marine x4  
  165  13:47  Marine x3, Siege Tank  
  153  13:55  Marine  
  142  13:59  Marine x3  
  142  14:00  Marine x2  
  127  14:04  Marine  
  127  14:05  Marine x2  
  127  14:08  SCV x4  
  127  14:09  Siege Tank  
  133  14:11  Medivac, Terran Infantry Weapons Level 3  
  133  14:12  Medivac  
  133  14:13  Marine  
  133  14:16  Barracks Reactor x2, Starport Reactor  
  138  14:17  Marine x3  
  138  14:18  Marine x2  
  138  14:19  Siege Tank  
  138  14:22  Marine x2  
  138  14:23  Marine  
  146  14:31  Marine  
  147  14:32  Sensor Tower  
  147  14:35  Marine x3  
  147  14:36  Marine x2  
  147  14:38  Unknown  
  152  14:41  Viking  
  152  14:42  Viking, Missile Turret  
  152  14:43  Terran Vehicle Weapons Level 2  
  152  14:44  Missile Turret  
  156  14:49  Siege Tank  
  156  14:51  Planetary Fortress  
  159  14:53  Medivac x2  
  159  14:57  Marine x2  
  159  14:58  Marine x4  
  169  15:00  Marine  
  169  15:01  Marine  
  169  15:05  Siege Tank  
  169  15:06  Marine  
  169  15:07  Marine x2  
  175  15:12  Marine x2  
  178  15:15  Marine  
  178  15:16  Viking  
  178  15:21  Siege Tank  
  184  15:22  Marine x2  
  184  15:23  Marine x2  
  186  15:36  Marine  
  186  15:37  Siege Tank  
  186  15:38  Marine  
  186  15:40  Viking x2  
  186  15:41  Marine  
  190  15:43  Medivac  
  190  15:46  Medivac  
  189  15:50  Marine x2  
  189  15:51  Marine x6  
  189  15:53  Siege Tank  
  189  15:55  Marine  
  189  15:56  Marine x2  
  186  16:00  Marine x2  
  182  16:04  Command Center  
  182  16:08  Marine  
  182  16:10  Siege Tank  
  186  16:12  Marine x7  
  186  16:17  Viking, Medivac x2  
  199  16:26  Orbital Command  
  199  17:18  Orbital Command  
  199  17:27  Refinery  
  199  17:28  Command Center  
  199  17:29  Refinery  
  199  17:44  Command Center  
  199  17:46  Command Center  
  199  17:47  Barracks x2  
  199  17:48  Barracks  
  198  17:51  Siege Tank  
  197  18:17  Marine  
  198  18:25  Siege Tank x2  
  190  18:27  Marine  
  190  18:28  Marine  
  190  18:29  Marine  
  190  18:31  Liberator x2  
  190  18:32  Liberator x2  
  178  18:45  Marine x3  
  176  18:57  Siege Tank  
  176  18:58  Siege Tank  
  172  19:09  Barracks Reactor  
  171  19:10  Barracks Reactor x2, Orbital Command x2  
  171  19:11  Marine x6  
  171  19:12  Marine x7  
  171  19:14  Viking x2  
  171  19:15  Orbital Command  
  188  19:28  Orbital Command  
  188  19:29  Marine x8, Siege Tank  
  188  19:30  Siege Tank  
  181  19:33  Marine  
  181  19:34  Marine  
  181  19:35  Marine x3  
  168  19:45  Medivac x2  
  172  19:46  Viking x2, Marine x2  
  172  19:47  Marine x6  
  172  19:49  Terran Ship Weapons Level 1, Fusion Core  
  184  19:58  SCV  
  189  20:01  Siege Tank  
  189  20:02  Siege Tank  
  189  20:03  Marine x6  
  189  20:04  Marine  
  175  20:18  Viking x2  
  175  20:19  Marine x4  
  175  20:20  Marine x4  
  186  20:27  Marine x5  
  191  20:33  Siege Tank  
  191  20:34  Siege Tank  
  194  20:36  Marine x2  
  194  20:38  Marine  
  194  20:39  Marine x4  
  199  20:47  Advanced Ballistics  
  199  20:49  Hi-Sec Auto Tracking, Neosteel Armor  
  199  20:59  Refinery  
  199  21:01  Sensor Tower  
  199  21:08  Orbital Command, Marine  
  200  21:28  Starport  
  200  21:29  Command Center  
  174  21:55  Siege Tank  
  173  22:03  Siege Tank  
  173  22:08  Marine x2  
  145  22:09  Marine  
  145  22:10  Marine x3  
  145  22:11  Marine x6  
  145  22:12  Marine x6  
  145  22:13  Viking x4  
  146  22:21  Marine  
  137  22:26  Marine x2  
  137  22:27  Marine  
  137  22:28  Marine x2, Siege Tank  
  145  22:35  Refinery, Siege Tank  
  148  22:37  Marine x2  
  148  22:38  Marine  
  148  22:40  Marine x4  
  148  22:41  Marine x7  
  148  22:43  Viking  
  148  22:44  Viking  
  160  22:46  Marine x2  
  160  22:49  Marine x3  
  165  22:55  Orbital Command, Marine x3  
  168  23:01  Marine x2  
  168  23:02  Marine  

Tags
 
Add a new tag
Caveats
  • Supply blocks, unpowered buildings, or Contaminate may cause inaccurate times.
  • Supply counts are checked every 10 seconds.